 Dungeon Crawl Stone Soup version 0.28.0-47-ge53b351184 (webtiles) character file.

Game seed: 5879204260426081898

1120 Acheron the Chopper (level 8, 0/70 HPs)
             Began as a Minotaur Gladiator on May 6, 2022.
             Was a Believer of Nemelex Xobeh.
             Slain by an unseen horror (4 damage)
             ... on level 5 of the Dungeon.
             The game lasted 00:17:10 (4877 turns).

Acheron the Chopper (Minotaur Gladiator)            Turns: 4877, Time: 00:17:11

Health: 0/70       AC: 14    Str: 18    XL:     8   Next: 12%
Magic:  7/7        EV: 11    Int:  7    God:    Nemelex Xobeh [**....]
Gold:   227        SH:  0    Dex: 13    Spells: 7/7 levels left

rFire   . . .      SeeInvis .   a - +0 war axe
rCold   . . .      Faith    .   (no shield)
rNeg    . . .      Spirit   .   o - +0 scale mail
rPois   .          Reflect  .   g - +2 hat
rElec   .          Harm     .   (no cloak)
rCorr   +          Rampage  .   (no gloves)
Will    .....                   m - +1 pair of boots
Stlth   +.........              (no amulet)
HPRegen 0.21/turn               r - +4 ring of protection
MPRegen 0.10/turn               h - ring of resist corrosion

@: no status effects
A: horns 2, retaliatory headbutt
a: Renounce Religion, Draw Escape, Draw Destruction, Draw Summoning


You were on level 5 of the Dungeon.
You worshipped Nemelex Xobeh.
Nemelex Xobeh was pleased with you.
You visited 2 branches of the dungeon, and saw 7 of its levels.

You collected 227 gold pieces.

Inventory:

Hand Weapons
 a - a +0 war axe (weapon)
 l - a +2 vampiric trident
 t - a +1 dagger of speed
Missiles
 d - 7 throwing nets
 e - 20 stones
 n - 4 javelins (quivered)
 s - 2 poisoned darts
Armour
 b - a +0 troll leather armour
 g - a +2 hat (worn)
 k - a +0 ring mail
 m - a +1 pair of boots (worn)
 o - a +0 scale mail (worn)
Jewellery
 h - a ring of resist corrosion (right hand)
 j - a ring of willpower
 r - a +4 ring of protection (left hand)
Wands
 i - a wand of paralysis (13)
 q - a wand of charming (1)
Scrolls
 c - 3 scrolls of enchant armour
Potions
 f - a potion of brilliance
 p - a potion of magic


   Skills:
 * Level 5.6 Fighting
 * Level 7.8 Axes
 * Level 4.0 Throwing
 * Level 5.3 Dodging
 * Level 3.0 Stealth


You had 7 spell levels left.
You didn't know any spells.
Your spell library contained the following spells:

 Spells                   Type           Power      Damage    Failure   Level
 Animate Skeleton         Necr           0%         N/A       85%         1
 Pain                     Necr           0%         1d4       85%         1
 Blink                    Tloc           0%         N/A       94%         2
 Lesser Beckoning         Tloc           0%         N/A       99%         3
 Tukima's Dance           Hex            0%         N/A       99%         3
 Vampiric Draining        Necr           0%         2d6       99%         3
 Anguish                  Hex/Necr       0%         N/A       100%        4
 Manifold Assault         Tloc           0%         N/A       100%        5
 Enfeeble                 Hex            0%         N/A       100%        7


Dungeon Overview and Level Annotations

Branches:
Dungeon (6/15)             Temple (1/1) D:4

Altars:
Cheibriados
Dithmenos
Elyvilon
Fedhas
Gozag
Hepliaklqana
Kikubaaqudgha
Makhleb
Nemelex Xobeh
Okawaru
Qazlal
Ru
Sif Muna
Trog
Vehumet
Wu Jian
Xom
Yredelemnul
Zin
The Shining One

Shops:
D:5 :


Innate Abilities, Weirdness & Mutations

You have a pair of horns on your head.
You reflexively headbutt those who attack you in melee.


Message History

Something hits you.
You see here 17 gold pieces.
Something hits you. x2
You open the door.
A jelly comes into view.
The jelly quivers.
Something hits you but does no damage. Something hits you.
You close the door.
Something hits you but does no damage.
You hear a slurping noise.
The jelly eats the door!
You miss something. You hit the jelly.
Your hands burn!
Something hits you. x2
The jelly hits you but does no damage. x2
You hit something. You hit the jelly.
Your hands burn!
Something hits you. Something hits you but does no damage.
The jelly hits you but does no damage.
You hit the jelly.
Your hands burn!
You headbutt the jelly!
The jelly is almost dead.
You miss something. Something hits you but does no damage.
The jelly hits you but does no damage.
You hit the jelly.
You kill the jelly!
Something hits you but does no damage.
Your Throwing skill increases to level 4!
Your Stealth skill increases to level 3!
You miss something. Your headbutt misses something. Something hits you.
* * * LOW HITPOINT WARNING * * *
You completely miss something. Your headbutt misses something.
Something hits you but does no damage. x2
Something hits you but does no damage. Something hits you.
* * * LOW HITPOINT WARNING * * *
Okay, then.
Okay, then.
Something hits you!
* * * LOW HITPOINT WARNING * * *
Okay, then.
Something hits you.
* * * LOW HITPOINT WARNING * * *
You closely miss something. Something hits you.
You die...
Your body disappears without a glow.

.>....?#.....................#
#..######..####.###.###'##..##
#..##..##..####.###.###.## .#
...........#....#........#
...........#....#........#
######T######.########.### #.#
###N########.###..##
.T........#....#..#$..........
..........#....#@.............
..........#....#..#...........
######.####..###.########.#..#
##..#######..##### .# ##
..................# .
..................# .#
..................#
)................##
###+######..###+##


There were no monsters in sight!

Vanquished Creatures
  A water moccasin (D:5)
  An ogre (D:4)
  A centaur (D:6)
  Blork the orc (D:5)
  A scorpion (D:4)
  A jelly (D:5)
  3 hounds
  A bullfrog skeleton (D:4)
  2 iguanas
  Ijyb (D:5)
  A hound skeleton (D:4)
  8 gnolls
  4 adders
  2 adder skeletons (D:4)
  A worm (D:3)
  4 dart slugs
  An orc (D:3)
  5 endoplasms
  3 giant cockroaches
  7 hobgoblins
  8 jackals (D:1)
  2 kobolds
  A quokka (D:3)
  3 ball pythons
  8 bats
  3 frilled lizards
  4 goblins
  5 rats
83 creatures vanquished.

Vanquished Creatures (collateral kills)
  A troll (D:5)
  An ice beast (D:5)
2 creatures vanquished.

Grand Total: 85 creatures vanquished

Notes
Turn   | Place    | Note
-------+----------+-------------------------------------------
     0 | D:1      | Acheron the Minotaur Gladiator began the quest for the Orb.
     0 | D:1      | Reached XP level 1. HP: 18/18 MP: 0/0
   154 | D:1      | Reached XP level 2. HP: 7/25 MP: 1/1
   381 | D:1      | Found a faded altar of an unknown god.
   557 | D:1      | You fall into a shaft and drop 1 floor!
   616 | D:1      | Reached skill level 4 in Axes
   706 | D:1      | Reached XP level 3. HP: 28/30 MP: 2/2
  1694 | D:4      | Reached skill level 1 in Stealth
  1694 | D:4      | Reached XP level 4. HP: 37/37 MP: 3/3
  1697 | D:5      | Entered Level 5 of the Dungeon
  1793 | D:4      | Found a staircase to the Ecumenical Temple.
  1808 | Temple   | Entered the Ecumenical Temple
  2146 | Temple   | Became a worshipper of Nemelex Xobeh the Trickster
  2485 | D:4      | Reached skill level 5 in Axes
  2601 | D:4      | Reached XP level 5. HP: 45/45 MP: 4/4
  2702 | D:3      | Reached * piety under Nemelex Xobeh
  3611 | D:4      | Noticed an ogre
  3616 | D:4      | Killed an ogre
  3617 | D:4      | Reached XP level 6. HP: 37/52 MP: 5/5
  3753 | D:4      | Reached skill level 6 in Axes
  4041 | D:4      | Received a gift from Nemelex Xobeh
  4154 | D:5      | Noticed Blork the orc
  4170 | D:5      | Killed Blork the orc
  4264 | D:5      | Noticed an ice beast
  4322 | D:5      | Found Zaagu's Book Shoppe.
  4416 | D:5      | Noticed Ijyb
  4422 | D:5      | Reached XP level 7. HP: 53/60 MP: 6/6
  4437 | D:5      | Killed Ijyb
  4547 | D:5      | Noticed a troll
  4580 | D:5      | Reached skill level 7 in Axes
  4802 | D:5      | Reached skill level 5 in Dodging
  4809 | D:5      | Reached skill level 5 in Fighting
  4815 | D:5      | Killed a troll
  4816 | D:5      | Reached XP level 8. HP: 37/69 MP: 7/7
  4822 | D:5      | Reached ** piety under Nemelex Xobeh
  4877 | D:5      | Slain by an unseen horror

Illustrated notes

Levels and vault maps discovered:
D:1:      minmay_arrival_open_corners, layout_basic,
          shapermc_ecumenical_altar_mp_vishouse, chequers_serial_rivers_small_3,
          solitary_fountain
D:2:      layout_basic, minmay_worlds_worst_comb
D:3:      layout_rooms
D:4:      layout_cave_pods, minmay_temple_entry_tees, serial_co_window_serial,
          co_window_corner_a, co_window_of_opportunity_a, co_window_paths_b,
          co_window_corner_a, co_window_paths_b, co_window_paths_b,
          co_window_corner_a, co_window_paths_b, co_window_corner_a,
          co_window_corner_ca, co_window_broadway_b, co_window_of_opportunity_c,
          co_window_paths_c, co_window_paths_c, co_window_corner_cb,
          co_window_paths_d, glass_columns_b, glass_columns_b, glass_columns_a,
          glass_columns_c, glass_columns_a
D:5:      layout_gridville, serial_shops, nicolae_stop_n_shop_2, uniq_ijyb,
          uniq_blork_the_orc
D:6:      layout_rooms, mainiacjoe_overflow_chevrons
Temple:   mainiacjoe_temple_cubbyholes

Skill      XL: |  1  2  3  4  5  6  7  8 |
---------------+-------------------------+-----
Axes           | 4 5 6 7 |  7.8
Dodging        | 4 5 |  5.3
Stealth        | 1 2 3 |  3.0
Fighting       | 3 4 5 |  5.6
Throwing       | 3 4 |  4.0

Action                   |  1- 3 |  4- 6 |  7- 9 || total
-------------------------+-------+-------+-------++-------
Melee: War axe           |    72 |   102 |    31 ||   205
       Headbutt          |     9 |    13 |     6 ||    28
       Punch             |       |     2 |       ||     2
Invok: Draw Summoning    |       |       |     1 ||     1
  Use: Scroll            |       |     7 |     3 ||    10
       Potion            |       |       |     1 ||     1
 Stab: Sleeping          |     1 |       |       ||     1
Armor: Leather armour    |    11 |       |       ||    11
       Ring mail         |    15 |       |       ||    15
       Scale mail        |       |    52 |    39 ||    91
Dodge: Dodged            |    67 |    52 |    24 ||   143
